[Event "Titled Tuesday Blitz February 28 Early 2023"]
[White "Qashashvili, Alexandre"]
[Black "Ilkhomi, Jaloliddin"]
[WhiteFideId "13600842"]
[BlackFideId "14700948"]
[WhiteElo "2405"]
[BlackElo "2045"]
[Result "0-1"]
[Round "02"]
[TimeControl "180+2"]
[Date "2023.02.28"]
[WhiteClock "0:00:05"]
[BlackClock "0:00:49"]

1. e4 e6 2. Nc3 d5 3. exd5 exd5 4. d4 c6 5. Nf3 Bd6 6. Bd3 Ne7 7. h3 O-O 8. O-O Bf5 9. Bxf5 Nxf5 10. Re1 Nd7 11. Bg5 f6 12. Bh4 Qc7 13. Qd3 Nxh4 14. Nxh4 Rae8 15. Nf5 Nb6 16. Nxd6 Qxd6 17. b3 Nd7 18. Ne2 Re6 19. Ng3 Rfe8 20. Rxe6 Qxe6 21. Kf1 Nf8 22. Qf5 Qxf5 23. Nxf5 g6 24. Ng3 Ne6 25. Ne2 Kf7 26. Re1 a5 27. c4 a4 28. g3 axb3 29. axb3 Ra8 30. Rb1 Ra3 31. c5 Ra2 32. Ke1 Ke7 33. b4 Ra4 34. Nc3 Ra3 35. Ne2 Kd7 36. b5 Ra4 37. bxc6+ bxc6 38. Rb7+ Kd8 39. Rxh7 Nxd4 40. Nf4 g5 41. Nh5 f5 42. Rf7 Rc4 43. Ng7 f4 44. gxf4 gxf4 45. h4 Nf3+ 46. Ke2 Nxh4 47. Kd3 Re4 48. Ra7 Nf3 49. Nf5 Ne5+ 50. Kd2 f3 51. Nd6 Re2+ 52. Kc3 Rxf2 53. Kd4 Re2 54. Nf7+ Nxf7 55. Rxf7 f2 56. Kd3 Ra2 57. Kd4 Ke8 58. Rf3 Ke7 59. Ke5 Re2+ 60. Kd4 Rd2+ 61. Ke5 Ra2 62. Kd4 Ke6 63. Rf8 Rd2+ 64. Ke3 Rc2 65. Kd4 Rc4+ 66. Kd3 Rxc5 67. Rxf2 Ra5 68. Rh2 Kd6 69. Rh6+ Kc5 70. Rg6 Ra3+ 71. Kc2 Kb5 72. Kb2 Rh3 73. Kc2 c5 74. Kd2 d4 75. Rh6 Rxh6 0-1


[Site "https://www.chess.com"]

[Event "Titled Tuesday Blitz February 28 Early 2023"]
[White "Martin Carmona, Gaston Manuel"]
[Black "Lucassen, Mickey"]
[WhiteFideId "22284567"]
[BlackFideId "12919110"]
[WhiteElo "2245"]
[BlackElo "2338"]
[Result "1/2-1/2"]
[Round "02"]
[TimeControl "180+2"]
[Date "2023.02.28"]
[WhiteClock "0:00:24"]
[BlackClock "0:00:15"]

1. e4 c5 2. Nf3 d6 3. Nc3 Nf6 4. e5 dxe5 5. Nxe5 Nbd7 6. Bb5 a6 7. Nxd7 Bxd7 8. Bxd7+ Qxd7 9. O-O e6 10. d3 Be7 11. Qf3 O-O 12. Bg5 b5 13. a4 b4 14. Nd1 Nd5 15. Bxe7 Qxe7 16. Ne3 Rfd8 17. Nc4 b3 18. c3 Rab8 19. Rfe1 Qc7 20. a5 Qf4 21. Qh3 Nf6 22. Rad1 Rd7 23. Qe3 Qc7 24. g3 Nd5 25. Qf3 Qb7 26. Kg2 Nc7 27. Qxb7 Rxb7 28. Re5 Rd5 29. Re3 Nb5 30. Kf3 h6 31. h4 Kf8 32. Ke2 Ke7 33. Nb6 Rd8 34. Nc4 Nd6 35. Ne5 Rc7 36. g4 f6 37. Nf3 Kf7 38. Ra1 Nb5 39. Nd2 Rb7 40. Ra4 Nd6 41. Nc4 Nb5 42. Nd2 Nxc3+ 43. bxc3 b2 44. Nb1 Rb3 45. Kd2 Rdb8 46. Kc2 R3b5 47. Rae4 Rxa5 48. Rxe6 Ra1 49. Re7+ Kg6 50. f4 a5 51. h5+ Kh7 52. Ra7 a4 53. Ree7 a3 54. Rxg7+ Kh8 55. Rh7+ Kg8 56. Rag7+ Kf8 57. Rh8+ Kxg7 58. Rxb8 a2 59. Rxb2 axb1=Q+ 60. Rxb1 Ra2+ 61. Rb2 Ra1 62. Rb7+ Kg8 63. Kd2 Rg1 64. Ke3 Rxg4 65. Ke4 Rg3 66. d4 Rxc3 67. d5 Rc1 68. Kf5 c4 69. Kxf6 Rf1 70. f5 c3 71. Rc7 Rd1 72. Rxc3 Rxd5 73. Kg6 Rd6+ 74. f6 Rd8 75. Kxh6 Kf7 76. Rf3 Rh8+ 77. Kg5 Rg8+ 78. Kf5 Rh8 79. Kg5 Rg8+ 80. Kh4 Rg1 81. Rg3 Rxg3 82. Kxg3 Kxf6 83. Kg4 Kg7 84. Kg5 Kh7 85. h6 Kh8 86. Kg6 Kg8 87. h7+ Kh8 88. Kh6 1/2-1/2


[Site "https://www.chess.com"]

[Event "Titled Tuesday Blitz February 28 Early 2023"]
[White "Alahakoon, Isuru"]
[Black "Cappai, Davide"]
[WhiteFideId "9900993"]
[BlackFideId "813338"]
[WhiteElo "1995"]
[BlackElo "2269"]
[Result "1-0"]
[Round "02"]
[TimeControl "180+2"]
[Date "2023.02.28"]
[WhiteClock "0:00:12"]
[BlackClock "0:01:09"]

1. Nf3 g6 2. d4 Bg7 3. e4 c5 4. dxc5 Qa5+ 5. Bd2 Qxc5 6. Nc3 Nc6 7. Nd5 Ne5 8. Bb4 Nxf3+ 9. gxf3 Qd4 10. Qxd4 Bxd4 11. Nc7+ Kd8 12. Nxa8 b6 13. O-O-O Be5 14. Bh3 Nf6 15. Bc3 Bxc3 16. bxc3 Nh5 17. Rd2 Nf4 18. Bxd7 Bxd7 19. Rhd1 Ne2+ 20. Rxe2 Kc8 21. Red2 Bc6 22. Nxb6+ axb6 23. Kb2 Kc7 24. Rd4 Rf8 25. f4 Ra8 26. f3 Ra5 27. Rc4 Rb5+ 28. Rb4 Rh5 29. Rd2 Rh3 30. Rf2 Rh4 31. e5 Rh3 32. a4 e6 33. Rd4 Bxf3 34. Rd3 Bg4 35. Rxh3 Bxh3 36. Kb3 Bf5 37. Kb4 Be4 38. c4 Kc6 39. Rd2 h5 40. h4 Kc7 41. c3 Bc6 42. Rd6 Be4 43. c5 bxc5+ 44. Kxc5 Bc2 45. a5 Be4 46. c4 Bg2 47. Kb5 Bf1 48. Ra6 Kb7 49. Rd6 Kc7 50. a6 Bg2 51. a7 Kb7 52. Rd7+ Ka8 53. Rxf7 Be4 54. c5 g5 55. hxg5 h4 56. g6 Bxg6 57. Rg7 Be4 58. Kb6 Bb7 59. Rg8+ Bc8 60. Rxc8# 1-0


[Site "https://www.chess.com"]

[Event "Titled Tuesday Blitz February 28 Early 2023"]
[White "Derjabin, Ilja"]
[Black "Ipek, Egehan"]
[WhiteFideId "14104768"]
[BlackFideId "44523793"]
[WhiteElo "2309"]
[BlackElo "1948"]
[Result "1-0"]
[Round "02"]
[TimeControl "180+2"]
[Date "2023.02.28"]
[WhiteClock "0:00:04"]
[BlackClock "0:00:02"]

1. d4 Nf6 2. c4 e6 3. Nc3 Bb4 4. a3 Bxc3+ 5. bxc3 O-O 6. f3 c5 7. e3 b6 8. Bd3 Nc6 9. Ne2 Ba6 10. O-O Na5 11. e4 Bxc4 12. Bxc4 Nxc4 13. Bg5 d5 14. e5 h6 15. Bh4 g5 16. Bf2 Nd7 17. f4 f6 18. fxg5 hxg5 19. exf6 Nxf6 20. Ng3 Qe7 21. Qd3 Qh7 22. Qe2 Rae8 23. dxc5 Nd7 24. cxb6 axb6 25. a4 Nde5 26. h3 Nd3 27. Be3 Qg6 28. Rad1 Nf4 29. Qe1 e5 30. a5 bxa5 31. Bc5 Rf7 32. Ne2 Nd3 33. Rxd3 Qxd3 34. Rxf7 Kxf7 35. Qf2+ Kg7 36. Ng3 Qb1+ 37. Kh2 Qg6 38. Nf5+ Kh7 39. g4 e4 40. Qd4 Ne5 41. Qxd5 Nf3+ 42. Kg3 Rb8 43. Qd7+ Kh8 44. Qc7 Re8 45. Bd6 Kg8 46. Qc6 Qf7 47. Nh6+ Kg7 48. Nxf7 Kxf7 49. Qd7+ Kg6 50. Qf5+ Kg7 51. Bc5 Nd2 52. Be3 Nc4 53. Bd4+ Kg8 54. Qg6+ Kf8 55. Qg7# 1-0


[Site "https://www.chess.com"]

[Event "Titled Tuesday Blitz February 28 Early 2023"]
[White "Filgueira, Hernan"]
[Black "Kornyukov, Alexey"]
[WhiteFideId "101770"]
[BlackFideId "4150457"]
[WhiteElo "2363"]
[BlackElo "2352"]
[Result "1-0"]
[Round "02"]
[TimeControl "180+2"]
[Date "2023.02.28"]
[WhiteClock "0:01:02"]
[BlackClock "0:00:57"]

1. c4 e5 2. Nc3 Nc6 3. Nf3 Nf6 4. a3 Bc5 5. d3 O-O 6. e3 d5 7. cxd5 Nxd5 8. Nxd5 Qxd5 9. b4 Bb6 10. Bb2 Bg4 11. Be2 Rad8 12. Qc2 Kh8 13. h3 Be6 14. Bc3 f5 15. Qb2 Rd7 16. O-O e4 17. dxe4 fxe4 18. Rad1 exf3 19. Rxd5 fxe2 20. Rxd7 exf1=Q+ 21. Kxf1 Bxd7 22. Bxg7+ Kg8 23. Bxf8 Kxf8 24. Qh8+ Kf7 25. Qxh7+ 1-0


[Site "https://www.chess.com"]

[Event "Titled Tuesday Blitz February 28 Early 2023"]
[White "Piriflillo"]
[Black "Nguyen Hong Nhung"]
[BlackFideId "12412201"]
[WhiteElo "2324"]
[BlackElo "1904"]
[Result "1-0"]
[Round "02"]
[TimeControl "180+2"]
[Date "2023.02.28"]
[WhiteClock "0:00:31"]
[BlackClock "0:00:04"]

1. d4 f5 2. Bg5 g6 3. e3 Bg7 4. c4 Nf6 5. Nc3 d6 6. Bd3 O-O 7. Nf3 Qe8 8. O-O e5 9. dxe5 dxe5 10. e4 c6 11. Re1 f4 12. Bxf6 Bxf6 13. c5 Be6 14. Bf1 Nd7 15. b4 g5 16. Nd2 b6 17. cxb6 axb6 18. b5 Nc5 19. Nc4 Rd8 20. Qc2 cxb5 21. Nxb6 Qc6 22. Ncd5 Bxd5 23. Nxd5 Rd6 24. Rac1 Rc8 25. Qb2 Rb8 26. Nxf6+ Rxf6 27. Qxe5 Rc8 28. Qxg5+ Kh8 29. Rxc5 Qxc5 30. Qxf6+ Kg8 31. Qe6+ Kg7 32. e5 Qc3 33. Qf6+ Kg8 34. Rd1 Qc7 35. Qe6+ Kh8 36. Rd7 Qc2 37. Qf6+ Kg8 38. Qg7# 1-0


[Site "https://www.chess.com"]

[Event "Titled Tuesday Blitz February 28 Early 2023"]
[White "Karas, Marek"]
[Black "Lorenzo De La Riva, Lazaro"]
[WhiteFideId "14928558"]
[BlackFideId "2268809"]
[WhiteElo "2233"]
[BlackElo "2294"]
[Result "1/2-1/2"]
[Round "02"]
[TimeControl "180+2"]
[Date "2023.02.28"]
[WhiteClock "0:00:01"]
[BlackClock "0:00:02"]

1. e4 c5 2. Nc3 Nc6 3. f4 d5 4. Nxd5 f5 5. d3 Nf6 6. Nxf6+ exf6 7. Nf3 Qe7 8. Be2 fxe4 9. dxe4 Be6 10. c3 Rd8 11. Qc2 g6 12. O-O Bg7 13. Be3 O-O 14. b3 b6 15. Rad1 Bf7 16. Rxd8 Nxd8 17. Rd1 Nb7 18. Bf2 Nd6 19. Nd2 Re8 20. Bf3 h5 21. c4 Bh6 22. g3 h4 23. Re1 Qd7 24. Nf1 hxg3 25. hxg3 a5 26. Kg2 a4 27. Rd1 Qe7 28. Re1 axb3 29. axb3 Qc7 30. Ne3 b5 31. Nd5 Bxd5 32. exd5 f5 33. Rxe8+ Nxe8 34. cxb5 Bf8 35. Be2 Nf6 36. Bc4 Bd6 37. Qe2 Ne4 38. Be1 Qe7 39. b6 Qd8 40. Ba5 Qb8 41. Ba6 Bxf4 42. gxf4 Qxf4 43. Qf3 Qg5+ 44. Kf1 Ng3+ 45. Kf2 Ne4+ 46. Ke2 Qc1 47. Bd3 Qb2+ 48. Kf1 Qc1+ 49. Kg2 Qg5+ 50. Kh2 Qh4+ 51. Kg1 Qg5+ 52. Kh2 Qh4+ 53. Kg2 Qg5+ 54. Kf1 Qc1+ 55. Ke2 Qb2+ 56. Ke3 Qd4+ 57. Ke2 Qb2+ 1/2-1/2


[Site "https://www.chess.com"]

[Event "Titled Tuesday Blitz February 28 Early 2023"]
[White "Skaric, Djuro"]
[Black "Reprintsev, Alexander"]
[WhiteFideId "934569"]
[BlackFideId "14100541"]
[WhiteElo "2282"]
[BlackElo "2250"]
[Result "0-1"]
[Round "02"]
[TimeControl "180+2"]
[Date "2023.02.28"]
[WhiteClock "0:01:10"]
[BlackClock "0:00:22"]

1. g3 d5 2. Bg2 Nc6 3. d3 e5 4. Nf3 Be7 5. O-O Bg4 6. h3 Bh5 7. Nc3 Nf6 8. e4 dxe4 9. dxe4 Qxd1 10. Rxd1 Nd4 11. Nxd4 Bxd1 12. Ndb5 O-O-O 13. Be3 Bxc2 14. Nxa7+ Kb8 15. Nab5 c6 16. Na3 Bxa3 17. bxa3 Rd3 18. Rc1 Rxc3 19. Bd2 Rxa3 20. Rxc2 Rd8 21. Bc3 Rd1+ 22. Kh2 Nd7 23. Bb4 Ra4 24. a3 Rd4 25. Bc3 Rd3 26. Bf1 Rd1 27. Be2 Rb1 28. Bb4 Raxb4 29. axb4 Rxb4 30. Bc4 f6 31. Be6 Kc7 32. f3 b6 33. h4 Nc5 34. Bg8 h6 35. g4 Rd4 36. g5 hxg5 37. hxg5 fxg5 38. Kg3 Rd3 39. Kg4 Kd6 40. Bc4 Ra3 41. Be2 Nb3 42. Rb2 Nd4 43. Bd1 b5 44. Rf2 Rd3 45. Be2 Rd2 46. Kxg5 Rxe2 47. Rf1 Rg2+ 48. Kh4 b4 49. Kh3 Rc2 50. Rg1 Ne6 51. Rd1+ Kc5 52. Kg4 b3 53. Kf5 Nd4+ 54. Kxe5 Nxf3+ 55. Kf4 Nd2 56. e5 b2 57. e6 b1=Q 58. Rxb1 Nxb1 59. Kf3 Kd6 0-1


[Site "https://www.chess.com"]

[Event "Titled Tuesday Blitz February 28 Early 2023"]
[White "Mayank Chakraborty"]
[Black "Sovetbekova, Nurai"]
[WhiteFideId "25659766"]
[BlackFideId "13801910"]
[WhiteElo "2103"]
[BlackElo "1857"]
[Result "1-0"]
[Round "02"]
[TimeControl "180+2"]
[Date "2023.02.28"]
[WhiteClock "0:00:09"]
[BlackClock "0:00:05"]

1. e4 c5 2. Nf3 d6 3. d4 cxd4 4. Nxd4 Nf6 5. Nc3 a6 6. h3 e5 7. Nde2 h5 8. Bg5 Be6 9. Bxf6 Qxf6 10. Nd5 Bxd5 11. Qxd5 Nc6 12. Nc3 Rc8 13. Qb3 b5 14. Nxb5 axb5 15. Bxb5 Qg6 16. Qd5 Kd7 17. O-O-O Be7 18. Qxe5 Qg5+ 19. f4 Qxe5 20. fxe5 Ke6 21. exd6 Bxd6 22. Rhf1 f6 23. Kb1 Be5 24. c3 Rc7 25. Be2 Rb8 26. Ka1 g6 27. Rd5 Ne7 28. Rd3 Rcb7 29. Rb1 Ra7 30. Rd2 Nc6 31. Bc4+ Ke7 32. Rbd1 Rba8 33. Bd5 Ra6 34. Bc4 Ra5 35. Rd7+ Ke8 36. Rh7 1-0


[Site "https://www.chess.com"]

[Event "Titled Tuesday Blitz February 28 Early 2023"]
[White "Cheng, Xiao"]
[Black "Novikov, Evgenij"]
[WhiteFideId "2022915"]
[BlackFideId "4125380"]
[WhiteElo "2318"]
[BlackElo "2242"]
[Result "1-0"]
[Round "02"]
[TimeControl "180+2"]
[Date "2023.02.28"]
[WhiteClock "0:00:16"]
[BlackClock "0:00:09"]

1. e4 c6 2. d4 d5 3. Nc3 a6 4. e5 Bf5 5. Nce2 e6 6. Ng3 Bg6 7. h4 h6 8. N1e2 Ne7 9. Nf4 Bh7 10. a3 c5 11. c3 Nbc6 12. Bd3 Bxd3 13. Qxd3 Qb6 14. dxc5 Qxc5 15. Be3 Qb5 16. Qxb5 axb5 17. Nd3 Nc8 18. h5 b4 19. cxb4 Nxb4 20. Nxb4 Bxb4+ 21. Ke2 Ba5 22. Rhc1 Kd7 23. Kd3 Bb6 24. Rxc8 Rhxc8 25. Bxb6 Ra4 26. Bd4 b5 27. b3 Ra6 28. Ne2 Rac6 29. Nc3 Rb8 30. b4 g6 31. hxg6 fxg6 32. Bc5 Rcc8 33. Ne2 Rg8 34. a4 bxa4 35. Rxa4 Rb7 36. Ra6 g5 37. Rd6+ Kc8 38. Rxe6 h5 39. Rh6 h4 40. e6 Kd8 41. e7+ Ke8 42. Nd4 Rxe7 43. Bxe7 Kxe7 44. b5 Kd7 45. b6 Rb8 46. Rh7+ Kd6 47. b7 Kc5 48. Rc7+ Kb6 49. Rg7 Rxb7 50. Rxg5 Kc5 51. Ne6+ Kd6 52. Nf4 Rb3+ 53. Ke2 Rb2+ 54. Kf3 Rb4 55. Rxd5+ Ke7 56. Rh5 Rb2 57. Rxh4 Kf6 58. Rh6+ Kg5 59. Rg6+ Kf5 60. g4+ Ke5 61. Re6+ Kd4 62. Re4+ Kc3 63. g5 Rb7 64. g6 Rg7 65. Kg4 Kd2 66. Kg5 Kd1 67. Kf6 Rg8 68. g7 Kd2 69. Kf7 Rc8 70. g8=Q Rxg8 71. Kxg8 Kc3 72. Ne2+ Kd2 73. Re3 Ke1 74. f4 Kf2 75. Re7 Kf3 76. f5 Kg4 77. f6 Kg5 78. f7 Kg6 79. f8=Q Kg5 80. Qg7+ Kf5 81. Rf7+ Ke4 82. Ng3+ Ke3 83. Qe5+ Kd3 84. Rd7+ Kc4 85. Qc7+ Kb5 86. Rd8 Ka6 87. Rd6+ Kb5 88. Rb6+ Ka5 89. Qa7# 1-0


[Site "https://www.chess.com"]

[Event "Titled Tuesday Blitz February 28 Early 2023"]
[White "Khamdamova, Afruza"]
[Black "Delgado Rosas, Fatima Alexandra"]
[WhiteFideId "14210444"]
[BlackFideId "6603963"]
[WhiteElo "2210"]
[BlackElo "2316"]
[Result "1-0"]
[Round "02"]
[TimeControl "180+2"]
[Date "2023.02.28"]
[WhiteClock "0:00:22"]
[BlackClock "0:00:10"]

1. e4 c6 2. d4 d5 3. e5 c5 4. c3 Nc6 5. Nf3 Bg4 6. Be2 e6 7. O-O Qd7 8. Be3 Nge7 9. h3 Bxf3 10. Bxf3 Ng6 11. a3 cxd4 12. cxd4 Be7 13. Nc3 O-O 14. Rc1 Rfc8 15. b4 a5 16. b5 Na7 17. a4 Bb4 18. Na2 Qe7 19. Qb3 Ba3 20. Rc3 Rxc3 21. Nxc3 Nc8 22. Ra1 Bb4 23. Na2 Ba3 24. Nc1 Bxc1 25. Rxc1 Nb6 26. Be2 Rc8 27. Rc5 Qd8 28. Qc2 Ne7 29. Bd2 Rxc5 30. dxc5 Nc4 31. Bxc4 dxc4 32. Be3 Qd5 33. Qc3 h6 34. Qxa5 Nf5 35. Qc3 Qd1+ 36. Kh2 Qxa4 37. b6 Ne7 38. Bc1 Nd5 39. Qa3 Qxa3 40. Bxa3 Ne7 41. Kg3 Kh7 42. Kf4 Kg6 43. Ke4 Nc6 44. g4 h5 45. f4 hxg4 46. hxg4 f5+ 47. exf6 gxf6 48. Bb2 Kf7 49. f5 Ke7 50. Bc3 Kf7 51. Kf4 Ke7 52. Ke4 Kf7 53. Bd4 Ke7 54. Ba1 Kf7 55. Bc3 Ke7 56. fxe6 Kxe6 57. Kf4 Kf7 58. Kf5 Ne7+ 59. Ke4 Nc6 60. Kd5 Ke7 61. Kxc4 Ke6 62. Kd3 Kd5 63. Bxf6 Kxc5 64. g5 Nb4+ 65. Ke4 Nd5 66. Ke5 Ne3 67. g6 Ng4+ 68. Kf5 Nh6+ 69. Ke6 Kxb6 70. Bg5 Ng8 71. Kf7 Kc5 72. Kxg8 b5 73. g7 b4 74. Be7+ Kb5 75. Bxb4 1-0


[Site "https://www.chess.com"]

[Event "Titled Tuesday Blitz February 28 Early 2023"]
[White "Wilson, Elvin"]
[Black "Kalajzic, Ivan"]
[WhiteFideId "2014874"]
[BlackFideId "14506378"]
[WhiteElo "2309"]
[BlackElo "2203"]
[Result "0-1"]
[Round "02"]
[TimeControl "180+2"]
[Date "2023.02.28"]
[WhiteClock "0:01:51"]
[BlackClock "0:02:12"]

1. c4 Nc6 2. g3 e5 3. Bg2 Bc5 4. Nc3 d6 5. Nf3 Bg4 6. h3 Bf5 7. O-O Qd7 8. Kh2 h5 9. d3 Nh6 10. e3 h4 11. g4 Nxg4+ 12. hxg4 h3 13. gxf5 hxg2+ 14. Kxg2 Qxf5 15. Rg1 Qh3# 0-1


[Site "https://www.chess.com"]

[Event "Titled Tuesday Blitz February 28 Early 2023"]
[White "Omelja, Artem"]
[Black "Antonio, Jorge Carlos"]
[WhiteFideId "14119846"]
[BlackFideId "113190"]
[WhiteElo "2404"]
[BlackElo "2247"]
[Result "1/2-1/2"]
[Round "02"]
[TimeControl "180+2"]
[Date "2023.02.28"]
[WhiteClock "0:01:40"]
[BlackClock "0:01:09"]

1. e4 c5 2. Nf3 e6 3. d3 Nc6 4. g3 d6 5. Bg2 g6 6. O-O Bg7 7. Qe2 Nge7 8. c3 O-O 9. h4 e5 10. h5 gxh5 11. Nh4 Bg4 12. f3 Be6 13. Nd2 Ng6 14. Nf5 Nce7 15. Nxg7 Kxg7 16. f4 Bg4 17. Qf2 f5 18. exf5 Nxf5 19. Ne4 h4 20. gxh4 Qxh4 21. fxe5 dxe5 22. Bg5 Qxf2+ 23. Rxf2 h6 24. Bd2 Nfh4 25. Raf1 Rxf2 26. Rxf2 Rd8 27. Nxc5 b6 28. Ne4 Rxd3 29. Nf6 Nf3+ 1/2-1/2


[Site "https://www.chess.com"]

[Event "Titled Tuesday Blitz February 28 Early 2023"]
[White "Kavutskiy, Konstantin"]
[Black "MunichMouse"]
[WhiteFideId "2026384"]
[WhiteElo "2369"]
[BlackElo "2306"]
[Result "1-0"]
[Round "02"]
[TimeControl "180+2"]
[Date "2023.02.28"]
[WhiteClock "0:00:34"]
[BlackClock "0:00:41"]

1. d4 Nf6 2. Bg5 d5 3. Nd2 e6 4. e3 c5 5. c3 Nc6 6. Bd3 h6 7. Bh4 Be7 8. Ngf3 O-O 9. O-O Nd7 10. Bg3 Re8 11. Qe2 Bf8 12. Ne5 Ndxe5 13. dxe5 c4 14. Bc2 b5 15. f4 Qb6 16. Nf3 a5 17. Nd4 Ne7 18. Bh4 Nf5 19. Bxf5 exf5 20. a3 Be6 21. g4 fxg4 22. f5 Bd7 23. Bg3 h5 24. h3 Qb8 25. Qh2 h4 26. Bxh4 Qxe5 27. hxg4 Qxh2+ 28. Kxh2 Rxe3 29. Bg5 Re4 30. Kg3 Bd6+ 31. Kf3 Rae8 32. Bd2 g6 33. Rh1 Kg7 34. Bh6+ Kf6 35. g5+ Ke5 36. Bg7+ 1-0


[Site "https://www.chess.com"]

[Event "Titled Tuesday Blitz February 28 Early 2023"]
[White "Eswaran, Ashritha"]
[Black "Alhadad, Mahmoud"]
[WhiteFideId "2080788"]
[BlackFideId "11501863"]
[WhiteElo "2505"]
[BlackElo "1955"]
[Result "1-0"]
[Round "02"]
[TimeControl "180+2"]
[Date "2023.02.28"]
[WhiteClock "0:00:58"]
[BlackClock "0:00:03"]

1. e4 d5 2. exd5 Nf6 3. Bb5+ Bd7 4. Be2 Nxd5 5. Nf3 Bg4 6. O-O e6 7. d4 Be7 8. c4 Nb6 9. b3 O-O 10. Bb2 Bf6 11. Nbd2 Nc6 12. Ne4 Bxf3 13. Nxf6+ Qxf6 14. Bxf3 Rad8 15. Bxc6 bxc6 16. Qh5 Qf5 17. Qxf5 exf5 18. Rfe1 Rfe8 19. Bc3 f6 20. Kf1 Kf7 21. Rxe8 Rxe8 22. Re1 Rxe1+ 23. Kxe1 Nd7 24. Ba5 Nb6 25. Bxb6 cxb6 26. Kd2 Ke6 27. f4 g6 28. Kc3 Kd6 29. a4 h5 30. g3 a5 31. b4 g5 32. c5+ bxc5 33. bxc5+ Kd5 34. h4 g4 35. Kd3 Ke6 36. Kc4 Kd7 37. d5 Kc7 38. dxc6 Kxc6 39. Kd4 Kc7 40. Kd5 Kd7 41. c6+ Kc7 42. Kc5 Kb8 43. Kb6 Kc8 44. c7 Kd7 45. Kb7 Kd6 46. c8=Q Kd5 47. Qxf5+ 1-0


[Site "https://www.chess.com"]

[Event "Titled Tuesday Blitz February 28 Early 2023"]
[White "Omariev, Maksim"]
[Black "Liu, Casper"]
[WhiteFideId "4193423"]
[BlackFideId "1454153"]
[WhiteElo "2504"]
[BlackElo "2221"]
[Result "0-1"]
[Round "02"]
[TimeControl "180+2"]
[Date "2023.02.28"]
[WhiteClock "0:00:04"]
[BlackClock "0:00:20"]

1. g4 d5 2. Bg2 Bxg4 3. c4 e6 4. Qb3 Nc6 5. cxd5 exd5 6. Bxd5 Nd4 7. Qa4+ Qd7 8. Qxd4 Be6 9. Nc3 Nf6 10. Nf3 Nxd5 11. b3 Be7 12. Nxd5 Qxd5 13. Qxg7 O-O-O 14. Bb2 Rhg8 15. Qe5 Qd7 16. O-O-O Bd6 17. Qa5 Kb8 18. Kb1 b6 19. Qa6 Bd5 20. Ng1 Bxh1 21. f3 Bxh2 22. Bc3 Rxg1 23. Rxg1 Bxg1 24. Qc4 Qf5+ 25. Kb2 Bc5 26. Qh4 Re8 27. Qxh1 Rxe2 28. Qh4 Qd3 29. Qa4 Kb7 30. Qf4 Be3 31. Qc4 Qxc4 32. bxc4 Bxd2 33. Bd4 Be3+ 34. Kc3 Bxd4+ 35. Kd3 Rxa2 36. Kxd4 a5 37. Kd5 a4 38. f4 a3 39. c5 Rd2+ 40. Kc4 a2 41. c6+ Kxc6 42. f5 a1=Q 43. f6 Qc1+ 44. Kb3 Rb2+ 45. Ka4 Qa1# 0-1


[Site "https://www.chess.com"]

[Event "Titled Tuesday Blitz February 28 Early 2023"]
[White "Awoki, Daniel Teidi"]
[Black "Balla, Tamas-Kristof"]
[WhiteFideId "2100827"]
[BlackFideId "1208497"]
[WhiteElo "2083"]
[BlackElo "2334"]
[Result "1-0"]
[Round "02"]
[TimeControl "180+2"]
[Date "2023.02.28"]
[WhiteClock "0:00:04"]
[BlackClock "0:00:05"]

1. e4 c5 2. Nf3 Nc6 3. d4 cxd4 4. Nxd4 e5 5. Nb5 d6 6. N1c3 a6 7. Na3 b5 8. Nd5 Nge7 9. c3 Nxd5 10. Qxd5 Qc7 11. Be2 Be6 12. Qd3 g6 13. O-O Bg7 14. Be3 O-O 15. Rad1 Rad8 16. Nc2 f5 17. exf5 gxf5 18. Bg5 Rd7 19. Qh3 Ne7 20. Nb4 Qb7 21. Bxe7 Rxe7 22. Rxd6 a5 23. Nc6 Ree8 24. Rfd1 b4 25. cxb4 axb4 26. Nd8 Qe4 27. Bf3 Qc4 28. b3 Qc2 29. Nxe6 Rc8 30. Nxf8 Bxf8 31. Qg3+ Kh8 32. Qxe5+ Bg7 33. Rd8+ 1-0


[Site "https://www.chess.com"]

[Event "Titled Tuesday Blitz February 28 Early 2023"]
[White "Toncheva, Nadya"]
[Black "Tsyhanchuk, Stanislav"]
[WhiteFideId "2924056"]
[BlackFideId "13505130"]
[WhiteElo "2101"]
[BlackElo "2173"]
[Result "1-0"]
[Round "02"]
[TimeControl "180+2"]
[Date "2023.02.28"]
[WhiteClock "0:00:15"]
[BlackClock "0:00:11"]

1. e4 c5 2. Nf3 d6 3. d4 cxd4 4. Nxd4 Nf6 5. Nc3 a6 6. Be3 e5 7. Nf3 Be6 8. a4 Nc6 9. Ng5 Be7 10. Nxe6 fxe6 11. Bc4 Qd7 12. a5 O-O 13. O-O Bd8 14. f4 Bxa5 15. f5 Kh8 16. Bxe6 Qc7 17. Nd5 Nxd5 18. exd5 Nd8 19. c3 Bb6 20. Qe2 Bxe3+ 21. Qxe3 b5 22. Qg5 Rf6 23. Qh5 Nf7 24. Rf3 Rf8 25. Rxa6 Nh6 26. h3 Qc5+ 27. Kh1 b4 28. Rc6 Qb5 29. Rxd6 bxc3 30. bxc3 Qb1+ 31. Kh2 Qe4 32. Rd7 Qc4 33. Qg5 Nf7 34. Bxf7 R6xf7 35. Rxf7 Rg8 36. f6 g6 37. Rg7 Rxg7 38. fxg7+ Kxg7 39. Qf6+ Kg8 40. Qf8# 1-0


[Site "https://www.chess.com"]

[Event "Titled Tuesday Blitz February 28 Early 2023"]
[White "Buscar, Michael"]
[Black "Sokac, Marko"]
[WhiteFideId "2603616"]
[BlackFideId "14531356"]
[WhiteElo "2010"]
[BlackElo "2355"]
[Result "1-0"]
[Round "02"]
[TimeControl "180+2"]
[Date "2023.02.28"]
[WhiteClock "0:00:09"]
[BlackClock "0:00:06"]

1. d4 Nf6 2. c4 e5 3. dxe5 Ng4 4. Nf3 Bc5 5. e3 Nc6 6. Be2 O-O 7. O-O Re8 8. a3 a5 9. b3 Ncxe5 10. Bb2 Ra6 11. Nbd2 Rh6 12. h3 Nxf3+ 13. Nxf3 Nf6 14. Qe1 Ne4 15. Qxa5 d6 16. Rad1 Ng5 17. Qc3 Nxf3+ 18. Bxf3 Qg5 19. Rd5 Qg6 20. Kh2 Bd7 21. b4 Ba7 22. Rd2 c6 23. Rxd6 Bb8 24. c5 Bxd6+ 25. cxd6 Qxd6+ 26. Kh1 Qg6 27. Kh2 Qd6+ 28. Kh1 Qf6 29. Qxf6 gxf6 30. Rd1 Be6 31. b5 cxb5 32. Bxb7 Rb8 33. Bc6 Bc4 34. Rd6 Kg7 35. Bc3 Rc8 36. Kh2 Rg6 37. g4 h6 38. Kg3 h5 39. f4 hxg4 40. hxg4 Rh8 41. Bd4 Rgh6 42. Kf3 Rh3+ 43. Ke4 Re8+ 44. Kf5 Bd3+ 45. e4 Re6 46. Rxe6 fxe6+ 47. Kxe6 Rh6 48. g5 Rh4 49. gxf6+ Kg6 50. Be8+ Kh7 51. f7 Bc4+ 52. Ke7 Bxf7 53. Bxf7 Rxf4 54. Bd5 Kg6 55. Kd6 Rf1 56. Kc5 Rb1 57. Bc3 Kg5 58. Bb4 Kf4 59. Kxb5 Ke5 60. a4 Kd4 61. a5 Ra1 62. a6 Ke5 63. Kb6 Rb1 64. Kc5 Rc1+ 65. Kb5 Ra1 66. Kc6 Rxa6+ 67. Kc5 Ra1 68. Bc3+ Kf4 69. Bxa1 1-0


[Site "https://www.chess.com"]

[Event "Titled Tuesday Blitz February 28 Early 2023"]
[White "Real_taiatai"]
[Black "Dilmukhametov, Artur"]
[BlackFideId "24179922"]
[WhiteElo "2502"]
[BlackElo "2199"]
[Result "1-0"]
[Round "02"]
[TimeControl "180+2"]
[Date "2023.02.28"]
[WhiteClock "0:01:10"]
[BlackClock "0:01:39"]

1. d4 Nf6 2. c4 g6 3. Nf3 Bg7 4. Nc3 O-O 5. e4 d6 6. Be2 Nbd7 7. O-O e5 8. Be3 Ne8 9. Qc2 b6 10. Rad1 f5 11. exf5 gxf5 12. Bg5 Ndf6 13. dxe5 h6 14. exf6 Nxf6 15. Bh4 Kh7 16. Bd3 Qd7 17. Nd4 Nh5 18. Nxf5 Rxf5 19. g4 1-0


[Site "https://www.chess.com"]

[Event "Titled Tuesday Blitz February 28 Early 2023"]
[White "Belov, Alexei"]
[Black "Gharamian, Tigran"]
[WhiteFideId "4128206"]
[BlackFideId "13301527"]
[WhiteElo "2500"]
[BlackElo "2638"]
[Result "1-0"]
[Round "02"]
[TimeControl "180+2"]
[Date "2023.02.28"]
[WhiteClock "0:00:31"]
[BlackClock "0:00:14"]

1. e4 c6 2. d4 d5 3. Nd2 dxe4 4. Nxe4 Nf6 5. Nxf6+ exf6 6. c3 Bd6 7. Bd3 O-O 8. Ne2 Re8 9. Qc2 h5 10. Be3 Nd7 11. O-O-O Nf8 12. c4 Be6 13. Nc3 Qa5 14. a3 Bg4 15. Rd2 b5 16. c5 Be7 17. d5 cxd5 18. Nxd5 Rac8 19. Kb1 Be6 20. Be4 f5 21. Nxe7+ Rxe7 22. Bxf5 b4 23. Bxe6 Nxe6 24. axb4 Qxb4 25. Rhd1 Rb7 26. c6 Rbc7 27. Rd6 Qb5 28. Rc1 a5 29. Qc4 Qf5+ 30. Ka1 Qe5 31. Rd5 Qxh2 32. Qb5 Qxg2 33. Bb6 h4 34. Bxc7 Rxc7 35. Rd7 h3 36. Rxc7 Nxc7 37. Qb8+ Kh7 38. Qxc7 h2 39. Qd7 h1=Q 40. Rxh1+ Qxh1+ 41. Ka2 Qe4 42. c7 Qc4+ 43. Kb1 Qf1+ 44. Kc2 Qxf2+ 45. Kc3 Qf3+ 46. Qd3+ 1-0


[Site "https://www.chess.com"]